 Dungeon Crawl Stone Soup version 0.26-a0-639-g72c4674329 (webtiles) character file.

Game seed: 10515810600178933873

15 Borgoz the Slasher (level 2, 25/25 HPs)
             Began as a Minotaur Gladiator on Sept 16, 2020.
             Quit the game on level 1 of the Dungeon.
             The game lasted 00:00:39 (291 turns).

Borgoz the Slasher (Minotaur Gladiator)              Turns: 291, Time: 00:00:39

Health: 25/25      AC:  3    Str: 18    XL:     2   Next: 34%
Magic:  1/1        EV: 13    Int:  5    God:
Gold:   2          SH:  0    Dex: 11    Spells: 1/1 levels left

rFire    . . .     SeeInvis .   a - +0 long sword
rCold    . . .     Faith    .   (no shield)
rNeg     . . .     Spirit   .   b - +0 leather armour
rPois    .         Reflect  .   c - +0 hat
rElec    .         Harm     .   (no cloak)
rCorr    .         Rampage  .   (no gloves)
MR       .....                  (no boots)
Stlth    +.........             (no amulet)
HPRegen  0.08/turn              (no ring)
MPRegen  0.07/turn              (no ring)

@: no status effects
A: retaliatory headbutt, horns 2
a: no special abilities


You were on level 1 of the Dungeon.
You visited 1 branch of the dungeon, and saw 1 of its levels.

You collected 2 gold pieces.

Inventory:

Hand Weapons
 a - a +0 long sword (weapon)
Missiles
 d - 3 throwing nets (quivered)
Armour
 b - a +0 leather armour (worn)
 c - a +0 hat (worn)
Scrolls
 e - a scroll of remove curse {unknown}
 f - 2 scrolls of identify {unknown}
 g - 3 scrolls of noise {unknown}
 i - a scroll of random uselessness {unknown}
 j - a scroll of fear {unknown}
Potions
 h - 3 potions of lignification {unknown}


   Skills:
 * Level 2.7 Fighting
 * Level 3.8 Long Blades
 - Level 2.0 Throwing
 * Level 1.0 Armour
 * Level 3.5 Dodging
 + Level 0.3 Stealth


You had one spell level left.
You didn't know any spells.
Your spell library was empty.

Dungeon Overview and Level Annotations

Branches:
Dungeon (1/15)

Altars:


Innate Abilities, Weirdness & Mutations

You reflexively headbutt those who attack you in melee.
You have a pair of horns on your head.


Message History

You kill the bat!
No target in view!
No target in view!
No target in view!
No target in view!
No target in view!
You see here a kobold corpse.
Unknown command.
You now have 2 gold pieces.
You see here a dagger.
You open the door.
There is an open door here.
f - 2 scrolls labeled RAMIKLE QUCLAU (gained 1)
A hobgoblin comes into view. It is wielding a +0 club.
The hobgoblin shouts!
A hobgoblin is nearby!
A hobgoblin is nearby!
Are you sure you want to abandon this character and quit the game? (Confirm with "yes".)
Okay, then.
Are you sure you want to abandon this character and quit the game? (Confirm with "yes".)

...###(# ...
#.##.)†. g..
#.#..#.# ...
#.+.#[#) ###.###
#.#..#.# #.....#####
#.##.... #.........#
#..###'# #......##.#
##......
#..@...##.####...##.
#...................
###.#####.##########
#.#####.# #.......#
#########


You could see a hobgoblin.

Vanquished Creatures
  An ooze (D:1)
  A dart slug (D:1)
  A goblin (D:1)
  A hobgoblin (D:1)
  3 kobolds (D:1)
  2 bats (D:1)
  A rat (D:1)
10 creatures vanquished.

Notes
Turn   | Place    | Note
-------+----------+-------------------------------------------
     0 | D:1      | Borgoz the Minotaur Gladiator began the quest for the Orb.
     0 | D:1      | Reached XP level 1. HP: 18/18 MP: 0/0
   177 | D:1      | Reached XP level 2. HP: 21/25 MP: 1/1
   255 | D:1      | Reached skill level 1 in Armour
   291 | D:1      | Quit the game

Illustrated notes

Levels and vault maps discovered:
D:1:      dpeg_arrival_round_c, layout_loops_cross, minmay_box_of_dots

Skill      XL: |  1  2 |
---------------+-------+-----
Armour         | 1 |  1.0
Fighting       | |  2.7
Long Blades    | |  3.8
Throwing       | |  2.0
Dodging        | |  3.5
Stealth        | |  0.3

Action                   || total
-------------------------++-------
Melee: Long sword        ||    12
       Headbutt          ||     3
Armor: Leather armour    ||     4
Dodge: Dodged            ||    10
       Rpst.: Long sword ||     2

Table legend: (Time is in decaauts)
 A = Elapsed time spent in this place.
 B = Non-inter-level travel time spent in this place.
 C = Inter-level travel time spent in this place.
 D = Time resting spent in this place.
 E = Time spent auto-exploring this place.
 F = Levels seen in this place.
 G = Mean time per level.
                   A        B        C        D        E       F      G
               +--------+--------+--------+--------+--------+-----+--------+
         Total |    293 |    293 |      0 |     38 |    209 |   1 |  293.0 |
       Dungeon |    293 |    293 |      0 |     38 |    209 |   1 |  293.0 |
               +--------+--------+--------+--------+--------+-----+--------+

Top non-repeatable levels by time:
     D:1: 293 daAuts
